 Dungeon Crawl Stone Soup version 0.29.1-12-g30fa7ad0bf (webtiles) character file.

Game seed: 6518737948420057913

294615 warriortoast the Marksspriggan (level 20, -18/114 HPs)
             Began as a Spriggan Hunter on Dec 14, 2022.
             Was a High Priest of Fedhas.
             Killed from afar by an ironbound frostheart (29 damage)
             ... by creeping frost
             ... led by a vault warden
             ... on level 1 of the Vaults.
             The game lasted 02:26:40 (52618 turns).

warriortoast the Marksspriggan (Spriggan Hunter)   Turns: 52618, Time: 02:26:41

Health: -18/114    AC:  7    Str:  6    XL:     20   Next: 4%
Magic:  26/35      EV: 45    Int: 15    God:    Fedhas [*****.]
Gold:   2622       SH:  5    Dex: 28    Spells: 30/39 levels left

rFire   + . .      SeeInvis +   c - +6 arbalest (freeze)
rCold   + + .      Faith    .   (shield currently unavailable)
rNeg    . . .      Spirit   .   E - +1 robe of Resilience {Drain rPois rC+ Dex+2}
rPois   +          Reflect  +   T - +1 hat {Stlth+}
rElec   .          Harm     .   P - +2 cloak of the Skies Above {rC+}
rCorr   .          Rampage  .   (gloves unavailable)
Will    +++..                   (boots unavailable)
Stlth   ++++++++..              N - amulet of reflection
HPRegen 0.29/turn               f - +4 ring of evasion
MPRegen 0.24/turn               x - +4 ring of slaying

@: frozen, studying 2 skills, quick
A: very small, no large weapons, unfitting armour, see invisible, speed 3,
clever 1, fire resistance 1, evolution 1, subdued magic 1
}: 2/15 runes: barnacled, gossamer
a: Renounce Religion, Wall of Briars, Grow Ballistomycete, Overgrow, Grow Oklob


You were on level 1 of the Vaults.
You worshipped Fedhas.
Fedhas was extremely pleased with you.
You visited 7 branches of the dungeon, and saw 33 of its levels.
You also visited: Gauntlet and Ice Cave.

You collected 4390 gold pieces.
You spent 1768 gold pieces at shops.

Inventory:

Hand Weapons
 c - a +6 arbalest of freezing (weapon)
 O - a +0 hand crossbow of freezing
Missiles
 r - 7 throwing nets
Armour
 b - a scarf of resistance
 g - a +2 robe of fire resistance
 E - the +1 robe of Resilience (worn) {Drain rPois rC+ Dex+2}
   (You found it on level 6 of the Dungeon)

   Dex:       It affects your dexterity (+2).
   rC:        It protects you from cold.
   rPois:     It protects you from poison.
   Drain:     It drains your maximum health when unequipped.
 H - +0 steam dragon scales
 P - the +2 cloak of the Skies Above (worn) {rC+}
   (You bought it in a shop on level 3 of the Shoals)

   rC:        It protects you from cold.
 T - a +1 hat of stealth (worn)
 V - the +5 robe of Polytheism {rElec Str+2 Int+2}
   (You bought it in a shop on level 3 of the Shoals)

   Str:       It affects your strength (+2).
   Int:       It affects your intelligence (+2).
   rElec:     It insulates you from electricity.
 Z - a scarf of repulsion
Jewellery
 f - a +4 ring of evasion (left hand)
 x - a +4 ring of slaying (right hand)
 B - a +6 ring of dexterity
 K - the ring "Hucotwum" {Fire +Blink Str+4}
   (You acquired it on level 2 of the Shoals)

   [ring of fire]

   It enhances your fire magic.
   Str:       It affects your strength (+4).
   rF:        It protects you from fire.
   rC:        It makes you vulnerable to cold.
   +Blink:    It lets you blink.
 N - an amulet of reflection (around neck)
 U - a +6 ring of dexterity
Wands
 t - a wand of mindburst (16)
 v - a wand of charming (22)
 C - a wand of iceblast (24)
 I - a wand of flame (51)
 M - a wand of digging (16)
 S - a wand of light (10)
 W - a wand of polymorph (24)
Scrolls
 d - 4 scrolls of fear
 e - 8 scrolls of fog
 i - 5 scrolls of magic mapping
 j - 7 scrolls of blinking
 k - 12 scrolls of teleportation
 o - 2 scrolls of amnesia
 q - 4 scrolls of summoning
 s - 4 scrolls of poison
 u - 17 scrolls of identify
 w - 9 scrolls of enchant armour
 y - a scroll of silence
 A - a scroll of brand weapon
Potions
 h - 3 potions of magic
 l - 9 potions of haste
 m - 9 potions of heal wounds
 n - 5 potions of might
 p - 7 potions of cancellation
 z - 18 potions of curing
 D - 5 potions of resistance
 F - 2 potions of lignification
 G - a potion of berserk rage
 J - 5 potions of brilliance
 L - 2 potions of flight
 Q - 7 potions of ambrosia
 R - 4 potions of invisibility
 X - 2 potions of mutation


   Skills:
 - Level 16.0 Fighting
 - Level 20.0 Ranged Weapons
 + Level 18.3 Dodging
 - Level 15.0 Stealth
 - Level 10.0 Spellcasting
 + Level 8.8 Hexes
 - Level 10.0 Translocations
 - Level 15.0 Invocations
 - Level 5.0 Evocations


You had 30 spell levels left.
You knew the following spells:

 Your Spells              Type           Power      Damage    Failure   Level
a - Blink                 Tloc           56%        N/A       1%          2
b - Enfeeble              Hex            13%        N/A       90%         7

Your spell library contained the following spells:

 Spells                   Type           Power      Damage    Failure   Level
 Confusing Touch          Hex            26%        N/A       1%          3
 Lesser Beckoning         Tloc           28%        N/A       1%          3
 Portal Projectile        Hex/Tloc       54%        N/A       1%          3
 Inner Flame              Hex/Fire       15%        N/A       3%          3
 Summon Guardian Golem    Hex/Summ       15%        N/A       3%          3
 Manifold Assault         Tloc           28%        N/A       3%          5
 Foxfire                  Conj/Fire      20%        2x1d5     8%          1
 Magic Dart               Conj           20%        1d4       8%          1
 Sting                    Tmut/Pois      20%        1d4       8%          1
 Summon Small Mammal      Summ           20%        N/A       8%          1
 Call Imp                 Summ           5%         N/A       12%         2
 Poisonous Vapours        Pois/Air       10%        N/A       12%         2
 Scorch                   Fire           10%        2d5       12%         2
 Searing Ray              Conj           10%        2d4       12%         2
 Static Discharge         Conj/Air       5%         3-4/arc   12%         2
 Sublimation of Blood     Necr           5%         N/A       12%         2
 Anguish                  Hex/Necr       7%         N/A       13%         4
 Fulminant Prism          Conj/Hex       7%         3d7       13%         4
 Leda's Liquefaction      Hex/Erth       7%         N/A       13%         4
 Call Canine Familiar     Summ           5%         N/A       24%         3
 Conjure Flame            Conj/Fire      5%         6-21      24%         3
 Mephitic Cloud           Conj/Pois/Air  5%         N/A       24%         3
 Summon Forest            Summ/Tloc      8%         N/A       30%         5
 Summon Mana Viper        Hex/Summ       15%        N/A       36%         5
 Yara's Violent Unravell  Hex/Tmut       7%         3d5       36%         5
 Airstrike                Air            2%         2d(1-17)  63%         4
 Animate Armour           Summ/Erth      10%        N/A       63%         4
 Dispel Undead            Necr           5%         3d7       63%         4
 Flame Wave               Conj/Fire      5%         2d5       63%         4
 Olgreb's Toxic Radiance  Pois           5%         N/A       63%         4
 Petrify                  Tmut/Erth      5%         N/A       63%         4
 Sticky Flame             Conj/Fire      5%         2d3       63%         4
 Summon Lightning Spire   Summ/Air       5%         N/A       63%         4
 Blade Hands              Tmut           2%         N/A       94%         5
 Irradiate                Conj/Tmut      2%         3d12      94%         5
 Lee's Rapid Deconstruct  Erth           2%         3d6*      94%         5
 Lightning Bolt           Conj/Air       2%         1d14      94%         5
 Death Channel            Necr           2%         N/A       100%        6
 Iron Shot                Conj/Erth      2%         9d2       100%        6
 Simulacrum               Ice/Necr       2%         N/A       100%        6
 Statue Form              Tmut/Erth      3%         N/A       100%        6
 Summon Cactus Giant      Summ           2%         N/A       100%        6
 Malign Gateway           Summ/Tloc      8%         N/A       100%        7
 Summon Horrible Things   Summ           2%         N/A       100%        8


Dungeon Overview and Level Annotations

Branches:
Dungeon (15/15)            Temple (0/1) D:5            Lair (5/5) D:8
 Shoals (4/4) Lair:3       Spider (4/4) Lair:2        Slime (0/5) Lair:4
    Orc (2/2) D:11            Elf (2/3) Orc:2        Vaults (1/5) D:13
 Depths (0/4) D:15          IceCv (visited)         Gauntlet (visited)

Altars:
Cheibriados
Fedhas
Hepliaklqana
Kikubaaqudgha
Nemelex Xobeh
Qazlal
Sif Muna
Uskayaw
Vehumet
Jiyva

Shops:
D:5 =   D:9 *   D:11 :   Orc:1 :   Orc:2 [*?*!   Elf:1 =   Elf:2 (=
Shoals:2 *   Shoals:3 ?[=

Annotations:
D:11 exclusion: door
D:15 3 runed translucent doors, Xaxav's ghost, adept GrMo


Innate Abilities, Weirdness & Mutations

You are very small and have problems with some larger weapons.
You are too small for most types of armour.
You have supernaturally acute eyesight. (SInv)
You cover ground extremely quickly. (Speed+++)
Your mind is acute. (Int +4, Str/Dex -1)
Your flesh is heat resistant. (rF+)
You have hidden genetic potential.
Your spells are a little easier to cast, but a little less powerful.


Message History

The ironbound frostheart calls freezing cold from the walls.
The frost grips you!! You partially resist. The frost grips your briar patch!!
Your briar patch is destroyed!
Your briar patch disappears in a puff of smoke!
You block the vault warden's attack.
The vault warden hits your briar patch with a +3 vorpal long sword!!
Blink to where?
Press: ? - help, Dir - move target, p - vault warden An ironbound frostheart comes into view.
As you read the scroll of blinking, it crumbles to dust.
The ice encasing you melts away.
The centaur warrior completely misses you.
You block the centaur warrior's attack.
The ironbound frostheart moves out of view.
Aiming: Overgrow
Press: ? - help, Dir - move target The stone wall is torn apart as a wandering mushroom grows in its place. x2
The stone wall is torn apart as a burning bush grows in its place.
A centaur warrior comes into view.
The runic seal fades away.
The centaur warrior misses you.
The centaur warrior completely misses you.
You swap places.
The centaur warrior wields a +0 longbow.
The centaur warrior shoots an arrow.
The arrow hits your wandering mushroom!
The centaur warrior wields a +0 longbow.
The centaur warrior shoots an arrow.
You reflect the arrow off an invisible shield around you!
The arrow hits the centaur warrior!
The centaur warrior shoots an arrow.
The arrow hits your wandering mushroom!
The centaur warrior shoots an arrow.
The arrow hits you!
* * * LOW HITPOINT WARNING * * *
The ironbound frostheart calls freezing cold from the walls.
The frost grips you!! You partially resist.
* * * LOW HITPOINT WARNING * * *
You are encased in ice.
The frost grips your burning bush!!!
The ironbound frostheart calls freezing cold from the walls.
The frost grips you!! You partially resist.
You die...
Fedhas appreciates your contribution to the ecosystem.

..# .. ##### #..###..
#.... #########..#....#
#...> #.......#..#..#.#
#.... ##.......#.......#
#.... .+.......c...)...#
#.... #......ffp...c..#
#.... #............#.
####' #.......P@...# #...
#.......#.#### #...
#.....p)#.. #...
#.......#... #...
#.......#.... #...
#....PP.###### #...
#....p..# ########### #...
######+####....#....###..)
#.......##.#..#.#..#.##...


You could see 2 ironbound frosthearts, 2 centaur warriors, 2 friendly wandering
mushrooms and a friendly burning bush (summoned).

Vanquished Creatures
  Arachne (Spider:2)
  A deep elf blademaster (Elf:2)
  Rupert (Spider:1)
  An Ice Fiend (IceCv)
  A kraken (Shoals:1)
  Gastronok (Lair:2)
  Roxanne (Shoals:1)
  Donald (Elf:2)
  A frost giant (Shoals:4)
  2 vault wardens (Vaults:1)
  2 emperor scorpions
  5 ghost moths
  3 ironbound preservers (Vaults:1)
  A very ugly thing (IceCv)
  An ironbound thunderhulk (Vaults:1)
  7 broodmothers
  Azrael (D:13)
  4 entropy weavers
  10 dire elephants (Vaults:1)
  Snorg (Orc:1)
  2 ettins (Orc:1)
  A fire dragon (D:15)
  Josephine (D:11)
  7 merfolk javelineers
  8 merfolk impalers
  7 boulder beetles
  A yaktaur captain (Vaults:1)
  Fannar (D:11)
  3 jorogumos
  A great orb of eyes (Vaults:1)
  Erolcha (D:11)
  An ice dragon (D:15)
  An ogre mage (D:15)
  2 ironbound frosthearts (Vaults:1)
  10 vault guards
  3 merfolk avatars
  5 hydras
  8 centaur warriors
  3 radroaches
  2 satyrs
  5 tengu warriors
  9 death yaks
  12 two-headed ogres
  19 dancing weapons
  6 orc high priests
  9 merfolk aquamancers
  11 deep elf knights
  Amaemon (Lair:2)
  11 pharaoh ants
  13 deep trolls (Vaults:1)
  4 steelbarb worms
  18 sea snakes
  Lodul (D:11)
  12 orb spiders
  5 ironbound convokers (Vaults:1)
  An obsidian statue (IceCv)
  7 spriggan simulacra (IceCv)
  17 deep elf pyromancers
  6 lindwurms (Vaults:1)
  A kraken simulacrum (Shoals:4)
  4 deep elf archers (Elf:1)
  17 deep elf zephyrmancers
  27 harpies
  10 orc knights
  7 ugly things
  11 fauns
  2 orc sorcerers
  15 wolf spiders
  7 cyclopes
  8 manticores
  6 moths of wrath
  6 elephants (Lair:2)
  4 vault sentinels (Vaults:1)
  9 merfolk sirens
  5 black mambas
  4 torpor snails
  3 water nymphs
  12 cane toads
  An orange demon (Lair:2)
  A spectral unseen horror (D:8)
  A rime drake (shapeshifter) (Lair:4)
  11 yaktaurs (Vaults:1)
  3 demonic crawlers
  2 unseen horrors
  A kobold demonologist (D:12)
  2 tengu conjurers (Gauntlet)
  4 freezing wraiths (IceCv)
  A rime drake (Lair:5)
  An efreet (D:13)
  8 komodo dragons
  3 golden dragon simulacra (IceCv)
  2 anaconda simulacra (IceCv)
  6 ice devils (IceCv)
  A queen bee (shapeshifter) (Orc:1)
  8 wind drakes
  The ghost of Yogidamonk the Conjurer, a novice GrEE (D:4)
  43 merfolk
  3 meliai (Spider:4)
  6 polar bears
  4 trolls
  5 hornets (Lair:5)
  26 tarantellas
  3 slime creatures (D:12)
  8 blink frogs
  7 dream sheep
  11 snapping turtles
  An air elemental (Elf:2)
  35 jumping spiders
  3 shadows
  25 culicivoras
  5 humans (D:6)
  5 wyverns
  16 water elementals
  A dire elephant simulacrum (IceCv)
  7 wraiths
  12 spriggans (Lair:5)
  4 fire elementals
  4 basilisks
  42 yaks
  A golden eye (shapeshifter) (Lair:4)
  4 fire bats (D:9)
  A human (shapeshifter) (Orc:1)
  41 redbacks
  2 vampire mosquitoes
  6 minotaur simulacra (IceCv)
  5 steam dragons
  2 acid dragons
  Edmund (D:6)
  A warg (Orc:2)
  10 water moccasins
  Duvessa (D:7)
  5 hell hounds
  3 ice beasts
  35 orc warriors
  8 black bears
  An alligator simulacrum (IceCv)
  An ettin simulacrum (IceCv)
  A wolf (shapeshifter) (D:14)
  15 centaurs
  9 ogres
  7 boggarts
  22 wolves
  A phantom (D:5)
  17 bullfrogs
  3 kobold brigands
  A gnoll sergeant (D:5)
  An earth elemental (Elf:1)
  4 necrophages
  A scorpion (D:6)
  10 deep troll simulacra (IceCv)
  5 wights (D:9)
  Dowan (D:7)
  6 killer bees
  2 lindwurm simulacra (IceCv)
  13 electric eels
  3 howler monkeys
  3 lava snakes
  A spectral centaur (D:8)
  6 hounds
  27 orc priests
  18 jellies
  2 iguanas (D:5)
  Ijyb (D:7)
  Natasha (thrice) (D:3)
  17 orc wizards
  11 hell rats
  A howler monkey zombie (D:8)
  4 gnolls
  11 adders
  17 river rats
  2 white imps
  An ufetubus (D:5)
  3 worms
  2 dart slugs (D:2)
  100 orcs
  2 bat zombies (D:6)
  8 endoplasms
  3 giant cockroaches
  11 goblins
  7 hobgoblins
  4 jackals
  2 quokkas
  3 training dummies (Elf:2)
  10 ball pythons
  8 bats
  4 frilled lizards
  24 kobolds
  12 rats
  3 fire vortices (D:9)
1353 creatures vanquished.

Vanquished Creatures (collateral kills)
  Saint Roka (Vaults:1)
  Frances (Spider:2)
  A minotaur (Gauntlet)
  A boulder beetle (D:11)
  A centaur warrior (D:12)
  A vault guard (Vaults:1)
  3 death yaks (Lair:5)
  The ghost of Jingleheimer the Severer, a novice MiFi of Makhleb (D:8)
  A sea snake (Shoals:4)
  A pharaoh ant (Spider:2)
  A wizard (Gauntlet)
  2 orb spiders
  3 spriggan simulacra (IceCv)
  5 harpies
  5 wolf spiders
  A torpor snail (Spider:4)
  A cane toad (Lair:1)
  A yaktaur (Vaults:1)
  A freezing wraith (IceCv)
  2 ice devils (IceCv)
  3 merfolk
  A troll (D:12)
  2 dream sheep (Lair:4)
  A vampire (D:12)
  A culicivora (Spider:4)
  A spriggan (Lair:5)
  11 yaks
  2 redbacks
  A vampire mosquito (D:10)
  2 harpy simulacra (IceCv)
  An orc warrior (Vaults:1)
  2 alligator simulacra (IceCv)
  An ogre (D:11)
  11 wolves
  2 centaurs
  5 killer bees (D:9)
  A centaur skeleton (D:8)
  An orc wizard (D:9)
  A shadow imp (Gauntlet)
  9 orcs
  A ballistomycete spore (Spider:4)
94 creatures vanquished.

Vanquished Creatures (others)
  2 vampire mosquitoes (D:10)
  3 killer bees (D:9)
  An orc priest (D:9)
  An orc (D:11)
  A ballistomycete spore (IceCv)
  A bush (D:13)
  46 fungi
  181 plants
  13 tentacles (Shoals:1)
249 creatures vanquished.

Grand Total: 1696 creatures vanquished

Notes
Turn   | Place    | Note
-------+----------+-------------------------------------------
     0 | D:1      | warriortoast the Spriggan Hunter began the quest for the
                  | Orb.
     0 | D:1      | Reached XP level 1. HP: 10/10 MP: 2/2
   145 | D:1      | Reached XP level 2. HP: 15/15 MP: 3/3
   430 | D:1      | Reached XP level 3. HP: 18/18 MP: 4/4
   608 | D:1      | Found a faded altar of an unknown god.
   929 | D:2      | Found a hazy altar of Hepliaklqana.
   995 | D:2      | Reached XP level 4. HP: 23/23 MP: 5/5
  1807 | D:3      | Noticed Natasha
  1811 | D:3      | Killed Natasha
  1844 | D:3      | Found a stormy altar of Qazlal.
  1848 | D:3      | Found a blossoming altar of Fedhas.
  1885 | D:3      | Became a worshipper of Fedhas Madash
  1931 | D:3      | Reached XP level 5. HP: 27/27 MP: 6/6
  2124 | D:3      | Noticed Natasha
  2147 | D:3      | HP: 1/27 [Natasha/magic dart (9)]
  2440 | D:3      | Killed Natasha
  2588 | D:3      | Noticed Natasha
  2590 | D:3      | Killed Natasha
  2809 | D:4      | Noticed a black bear
  2887 | D:3      | Killed a black bear
  2888 | D:3      | Reached skill level 5 in Ranged Weapons
  2888 | D:3      | Reached skill level 5 in Stealth
  2888 | D:3      | Reached XP level 6. HP: 32/32 MP: 7/7
  2957 | D:4      | Reached * piety under Fedhas
  2981 | D:4      | Reached skill level 5 in Dodging
  3175 | D:4      | Found a runed translucent gate.
  3175 | D:4      | Found a runed translucent gate.
  3176 | D:4      | Found a runed translucent gate.
  3179 | D:4      | Noticed Yogidamonk's ghost (novice GrEE)
  3586 | D:4      | Reached XP level 7. HP: 22/36 MP: 8/8
  5488 | D:4      | Killed Yogidamonk's ghost
  5810 | D:5      | Entered Level 5 of the Dungeon
  6239 | D:5      | Identified the +1 leather armour of a Thousand Brambles
                  | {+Inv Fly rF- Int+4}
  6266 | D:5      | Found a staircase to the Ecumenical Temple.
  6326 | D:5      | Found Ihebrunn's Jewellery Shop.
  6341 | D:5      | Reached skill level 6 in Ranged Weapons
  6460 | D:5      | Reached ** piety under Fedhas
  6605 | D:5      | Reached XP level 8. HP: 42/42 MP: 9/9
  6635 | D:5      | Found a hide-covered altar of Uskayaw.
  6637 | D:5      | Found a sparkling altar of Nemelex Xobeh.
  7594 | D:6      | Identified the +1 robe of Resilience {Drain rPois rC+
                  | Dex+2}
  7767 | D:6      | Found a radiant altar of Vehumet.
  7872 | D:6      | Reached skill level 7 in Ranged Weapons
  7926 | D:6      | Found an ancient bone altar of Kikubaaqudgha.
  7980 | D:6      | Reached skill level 5 in Fighting
  8020 | D:6      | Found a shimmering blue altar of Sif Muna.
  8179 | D:7      | Reached XP level 9. HP: 47/47 MP: 10/10
  8257 | D:7      | Noticed Edmund
  8377 | D:6      | Reached *** piety under Fedhas
  8378 | D:6      | Reached skill level 10 in Stealth
  8741 | D:7      | Noticed Dowan
  9173 | D:7      | Reached skill level 8 in Ranged Weapons
  9840 | D:7      | Reached skill level 10 in Dodging
  9909 | D:7      | Noticed Duvessa
 10180 | D:7      | Reached skill level 9 in Ranged Weapons
 10469 | D:7      | Killed Duvessa
 10479 | D:7      | Killed Dowan
 10831 | D:6      | Reached skill level 10 in Ranged Weapons
 10831 | D:6      | Reached XP level 10. HP: 42/51 MP: 11/11
 10964 | D:6      | Killed Edmund
 11153 | D:7      | Noticed Ijyb
 11176 | D:7      | Killed Ijyb
 11241 | D:7      | Reached skill level 11 in Ranged Weapons
 11512 | D:8      | Reached skill level 1 in Evocations
 11528 | D:8      | Reached skill level 1 in Invocations
 11928 | D:8      | Identified the +2 leather armour of Terror {Dex-4 SInv
                  | Stlth+}
 12077 | D:8      | Reached **** piety under Fedhas
 12175 | D:8      | Found a runed translucent gate.
 12175 | D:8      | Found a runed translucent gate.
 12176 | D:8      | Found a runed translucent gate.
 12183 | D:8      | Noticed Jingleheimer's ghost (novice MiFi)
 12235 | D:8      | Found a staircase to the Lair.
 12631 | D:8      | Killed Jingleheimer's ghost
 12632 | D:8      | Reached skill level 12 in Ranged Weapons
 13127 | D:9      | Reached skill level 5 in Evocations
 13132 | D:9      | Reached XP level 11. HP: 55/55 MP: 14/14
 13550 | D:9      | Noticed a two-headed ogre
 13568 | D:9      | Killed a two-headed ogre
 13607 | D:9      | Reached skill level 5 in Invocations
 13743 | D:9      | Found Fiuster's Fabulous Fripperies.
 13752 | D:9      | Bought a scroll of fog for 44 gold pieces
 13752 | D:9      | Bought a potion of flight for 33 gold pieces
 13752 | D:9      | Bought a scroll of fear for 44 gold pieces
 13937 | D:10     | Entered Level 10 of the Dungeon
 13946 | D:10     | Noticed a two-headed ogre
 13957 | D:10     | Killed a two-headed ogre
 14246 | D:10     | Reached ***** piety under Fedhas
 14247 | D:10     | Reached skill level 13 in Ranged Weapons
 14594 | D:10     | Noticed a two-headed ogre
 14622 | D:10     | Killed a two-headed ogre
 15023 | D:10     | Found a snail-covered altar of Cheibriados.
 15173 | D:11     | Noticed a two-headed ogre
 15180 | D:11     | Killed a two-headed ogre
 15187 | D:11     | Found a staircase to the Orcish Mines.
 15336 | D:11     | Found a gate leading to a gauntlet.
 15345 | Gauntlet | Entered a Gauntlet
 15345 | Gauntlet | Found a transporter.
 15349 | Gauntlet | Noticed a tengu warrior
 15362 | Gauntlet | Found a transporter.
 15362 | Gauntlet | Found a transporter.
 15363 | Gauntlet | Found a transporter.
 15368 | Gauntlet | Noticed a wizard
 15374 | Gauntlet | Found a transporter.
 15374 | Gauntlet | Found a transporter.
 15375 | Gauntlet | Found a transporter.
 15378 | Gauntlet | Noticed a green death
 15383 | Gauntlet | Found a transporter.
 15386 | Gauntlet | Found a transporter.
 15387 | Gauntlet | Found a transporter.
 15391 | Gauntlet | Noticed a great orb of eyes
 15394 | Gauntlet | Noticed a green ugly thing
 15394 | Gauntlet | Noticed a white ugly thing
 15398 | Gauntlet | Found a transporter.
 15398 | Gauntlet | Found a transporter.
 15399 | Gauntlet | Found a transporter.
 15402 | Gauntlet | Noticed a quicksilver ooze
 15405 | Gauntlet | Found a runed translucent gate.
 15405 | Gauntlet | Found a runed translucent gate.
 15405 | Gauntlet | Found a runed translucent gate.
 15407 | Gauntlet | Found a transporter.
 15531 | Gauntlet | Killed a tengu warrior
 15532 | Gauntlet | Reached skill level 14 in Ranged Weapons
 15532 | Gauntlet | Reached XP level 12. HP: 60/60 MP: 19/19
 15609 | Gauntlet | Noticed a minotaur
 15615 | Gauntlet | Killed a minotaur
 15627 | Gauntlet | Got Further Progress in Rites and Rhymes
 15736 | D:11     | Noticed Lodul
 15763 | D:11     | Killed Lodul
 15774 | D:11     | Noticed a boulder beetle
 16118 | D:11     | Found Ybutot's Book Boutique.
 16136 | D:11     | Noticed Erolcha
 16384 | D:11     | Noticed Fannar
 16704 | Orc:1    | Entered Level 1 of the Orcish Mines
 16767 | Orc:1    | Noticed an ettin
 16789 | Orc:1    | Noticed a two-headed ogre
 16794 | Orc:1    | Killed an ettin
 16798 | Orc:1    | Noticed a two-headed ogre
 16803 | Orc:1    | Killed a two-headed ogre
 16820 | Orc:1    | Noticed Snorg
 16871 | Orc:1    | Killed Snorg
 16872 | Orc:1    | Reached skill level 15 in Ranged Weapons
 16872 | Orc:1    | Reached skill level 10 in Invocations
 17057 | Orc:1    | Found Vuig's Book Shop.
 17133 | Orc:1    | Noticed a two-headed ogre
 17134 | Orc:1    | a two-headed ogre changed into a shapeshifter
 17330 | Orc:1    | Killed a two-headed ogre
 17481 | Orc:1    | Noticed an ettin
 17499 | Orc:1    | Killed an ettin
 17564 | Orc:2    | Entered Level 2 of the Orcish Mines
 17564 | Orc:2    | Found Teces's Distillery.
 17609 | Orc:2    | Bought a potion of invisibility for 104 gold pieces
 17609 | Orc:2    | Bought a potion of curing for 39 gold pieces
 17609 | Orc:2    | Bought a potion of curing for 39 gold pieces
 17609 | Orc:2    | Bought a potion of haste for 130 gold pieces
 17913 | Orc:2    | Noticed an orc high priest
 18033 | Lair:1   | Entered Level 1 of the Lair of Beasts
 18136 | Lair:1   | Reached skill level 16 in Ranged Weapons
 18181 | Lair:1   | Identified the +2 robe of Narcissism {rN+}
 18624 | Lair:1   | Reached XP level 13. HP: 63/63 MP: 21/21
 19047 | Lair:2   | Found a snail-covered altar of Cheibriados.
 19049 | Lair:2   | Noticed Gastronok
 19284 | Lair:2   | Noticed Amaemon
 19311 | Lair:2   | Killed Amaemon
 19901 | Lair:2   | Killed Gastronok
 20601 | Lair:2   | Found a hole to the Spider Nest.
 21211 | Lair:3   | Identified the +3 leather armour of Action {Str+2}
 21644 | Lair:3   | Found a staircase to the Shoals.
 22580 | Lair:4   | Found a viscous altar of Jiyva.
 22586 | Lair:4   | Found a staircase to the Slime Pits.
 22806 | Lair:4   | Reached ****** piety under Fedhas
 23442 | Lair:5   | Entered Level 5 of the Lair of Beasts
 23460 | Lair:5   | Found a snail-covered altar of Cheibriados.
 23908 | Lair:5   | Reached XP level 14. HP: 72/72 MP: 18/22
 24269 | Lair:5   | Reached skill level 15 in Stealth
 25374 | Lair:5   | Reached skill level 15 in Dodging
 26323 | D:11     | Killed Erolcha
 26371 | D:11     | Killed Fannar
 26372 | D:11     | Reached skill level 10 in Fighting
 26471 | Orc:2    | Reached skill level 1 in Spellcasting
 26613 | Orc:2    | Found a staircase to the Elven Halls.
 26919 | Orc:2    | Gained mutation: You are dopey. (Int -2) [a neqoxec]
 26920 | Orc:2    | Gained mutation: You occasionally lose the ability to read
                  | scrolls when taking damage. [a neqoxec]
 27204 | Orc:2    | Found Guegom's General Store.
 27204 | Orc:2    | Found Gaileg Cico's Magic Scroll Emporium.
 27205 | Orc:2    | Found Naare's Assorted Antiques.
 27205 | Orc:2    | Found Qiheph's Antique Armour Emporium.
 27212 | Orc:2    | Bought a scroll of blinking for 127 gold pieces
 27212 | Orc:2    | Bought a potion of heal wounds for 85 gold pieces
 27216 | Orc:2    | Bought a scroll of fear for 64 gold pieces
 27216 | Orc:2    | Bought a scroll of magic mapping for 120 gold pieces
 27216 | Orc:2    | Bought a scroll of blinking for 120 gold pieces
 27216 | Orc:2    | Bought a scroll of blinking for 120 gold pieces
 27496 | D:12     | Noticed Josephine
 27503 | D:11     | Killed Josephine
 27504 | D:11     | Reached XP level 15. HP: 66/80 MP: 23/23
 28226 | D:12     | Reached skill level 5 in Spellcasting
 28869 | D:13     | Noticed Azrael
 29081 | D:13     | Killed Azrael
 29344 | D:13     | Found a gate to the Vaults.
 30269 | D:15     | Entered Level 15 of the Dungeon
 30278 | D:15     | Found a runed translucent gate.
 30279 | D:15     | Found a runed translucent gate.
 30279 | D:15     | Found a runed translucent gate.
 30281 | D:15     | Noticed Xaxav's ghost (adept GrMo)
 30285 | D:15     | Noticed a tengu reaver
 30358 | D:15     | Reached skill level 17 in Ranged Weapons
 30541 | D:15     | Found a runed translucent door.
 30966 | D:15     | Paralysed by an ogre mage for 2 turns
 31358 | D:15     | Found a staircase to the Depths.
 31717 | D:15     | Reached XP level 16. HP: 88/88 MP: 24/24
 32484 | Shoals:1 | Entered Level 1 of the Shoals
 32493 | Shoals:1 | Learned a level 2 spell: Blink
 32501 | Shoals:1 | Learned a level 7 spell: Enfeeble
 32565 | Shoals:1 | Reached skill level 1 in Translocations
 32576 | Shoals:1 | Reached skill level 1 in Hexes
 33213 | Shoals:1 | Noticed Roxanne
 33442 | Shoals:1 | Noticed a kraken
 33573 | Shoals:1 | Killed a kraken
 33658 | Shoals:1 | Killed Roxanne
 33818 | Shoals:2 | Reached skill level 5 in Translocations
 33856 | Shoals:2 | Reached skill level 5 in Hexes
 34333 | Shoals:2 | Identified a scroll of acquirement
 34525 | Shoals:2 | Acquired the ring "Hucotwum" {Fire +Blink Str+4}
 34637 | Shoals:2 | Found Zogeh's Assorted Antiques.
 34704 | Shoals:2 | Reached skill level 18 in Ranged Weapons
 35159 | Shoals:3 | Found Nisaudao's Magic Scroll Shoppe.
 35160 | Shoals:3 | Found Ruwuoq's Antique Armour Shop.
 35171 | Shoals:3 | Bought a crude cloak for 304 gold pieces
 35171 | Shoals:3 | Identified the +2 cloak of the Skies Above {rC+} (You
                  | bought it in a shop on level 3 of the Shoals)
 35171 | Shoals:3 | Bought a slimy robe for 182 gold pieces
 35171 | Shoals:3 | Identified the +5 robe of Polytheism {rElec Str+2 Int+2}
                  | (You bought it in a shop on level 3 of the Shoals)
 35219 | Shoals:3 | Found Feas's Jewellery Shoppe.
 35256 | Shoals:3 | Bought a scroll of teleportation for 42 gold pieces
 35256 | Shoals:3 | Bought a scroll of blinking for 105 gold pieces
 35845 | Shoals:4 | Entered Level 4 of the Shoals
 35941 | Shoals:4 | Identified the +0 scale mail of Boiling Hail {Rampage rC+}
 35987 | Shoals:4 | Reached XP level 17. HP: 60/94 MP: 26/26
 37519 | Shoals:4 | Identified the +8 plate armour of Free Expression {Int+3
                  | Stlth-}
 39493 | Shoals:4 | Got a barnacled rune of Zot
 39641 | Spider:1 | Entered Level 1 of the Spider Nest
 39786 | Spider:1 | Noticed Rupert
 39863 | Spider:1 | Killed Rupert
 40124 | Spider:1 | Found a frozen archway.
 40280 | IceCv    | Entered an ice cave
 41767 | IceCv    | Noticed an Ice Fiend
 42326 | IceCv    | Killed an Ice Fiend
 43081 | Spider:2 | Reached XP level 18. HP: 102/102 MP: 32/32
 43170 | Lair:1   | Lost mutation: You occasionally lose the ability to read
                  | scrolls when taking damage. [potion of mutation]
 43170 | Lair:1   | Lost mutation: You are dopey. (Int -2) [potion of mutation]
 43170 | Lair:1   | Gained mutation: Your spells are a little easier to cast,
                  | but a little less powerful. [potion of mutation]
 43170 | Lair:1   | Gained mutation: Your flesh is heat resistant. (rF+)
                  | [potion of mutation]
 43170 | Lair:1   | Gained mutation: You have hidden genetic potential. [potion
                  | of mutation]
 43605 | Spider:2 | Noticed Frances
 43630 | Spider:2 | Killed Frances
 43868 | Spider:2 | Noticed Arachne
 43884 | Spider:2 | Killed Arachne
 44320 | Spider:3 | Reached skill level 10 in Spellcasting
 44632 | Spider:3 | Reached skill level 10 in Translocations
 45203 | Spider:4 | Entered Level 4 of the Spider Nest
 45757 | Spider:4 | Reached skill level 19 in Ranged Weapons
 45814 | Spider:4 | Reached skill level 15 in Fighting
 46422 | Spider:4 | Got a gossamer rune of Zot
 46881 | Elf:1    | Entered Level 1 of the Elven Halls
 46933 | Elf:1    | Reached XP level 19. HP: 108/108 MP: 34/34
 46957 | Elf:1    | Gained mutation: Your mind is acute. (Int +4, Str/Dex -1)
                  | [hidden potential]
 48172 | Elf:1    | Found Hezah's Jewellery Boutique.
 49008 | Elf:2    | Found a runed translucent gate.
 49020 | Elf:2    | Found a runed translucent gate.
 49020 | Elf:2    | Found a runed translucent gate.
 49051 | Elf:2    | Found Bairoukh's Jewellery Shop.
 49142 | Elf:2    | Noticed Donald
 49148 | Elf:2    | Killed Donald
 49333 | Elf:2    | Found Nustrangi's Firing Range.
 49517 | Elf:2    | Bought a +0 hand crossbow for 66 gold pieces
 50616 | Vaults:1 | Entered Level 1 of the Vaults
 50677 | Vaults:1 | Reached skill level 20 in Ranged Weapons
 51385 | Vaults:1 | Noticed Saint Roka
 51759 | Vaults:1 | Killed Saint Roka
 52219 | Vaults:1 | Reached skill level 15 in Invocations
 52285 | Vaults:1 | Reached XP level 20. HP: 96/114 MP: 35/35
 52618 | Vaults:1 | Killed from afar by an ironbound frostheart

Illustrated notes

Levels and vault maps discovered:
D:1:      saegor_arrival_simple_e, layout_loops_ring,
          hellmonk_ecumenical_altar_heavens_door, amethyst_killhole,
          chequers_mini_garden, nrook_uturn, nicolae_figureground_pulse
D:2:      layout_basic, basic_altar
D:3:      layout_basic, grunt_temple_overflow_forces_of_nature, uniq_natasha
D:4:      layout_loops_corners, gammafunk_ghost_nasty_kobolds
D:5:      layout_cave_pools, nicolae_overflow_hidden_temple,
          minmay_temple_entry_large_hall, serial_shops, nicolae_shop_crystal,
          serial_bayou, serial_bayou_crossing, serial_bayou_pond_b,
          serial_bayou_shore_a, serial_bayou_pond_a
D:6:      cheibrodos_thug_alley, layout_rooms,
          lemuel_zombie_altar_kikubaaqudgha, nicolae_vehumet_radiance,
          nicolae_sif_muna_condensation
D:7:      erik_cavepeople, layout_gridville, kennysheep_boxes, uniq_duvessa
D:8:      layout_loops_ring, lair_entry_dummy, gammafunk_ghost_necromancy,
          hangedman_minor_gate_pass
D:9:      layout_cave_pools, nicolae_alphabet_shops, hangedman_incinerator
D:10:     layout_gridville, kennysheep_little_box
D:11:     layout_roguey, minmay_orc_entry_temple_small, serial_shops, shop,
          gauntlet_entry_generic, uniq_lodul, uniq_fannar, uniq_erolcha
D:12:     nzn_winding_woodlands_three_and_one [nzn_winding_woodlands_5x15_pool,
          nzn_winding_woodlands_5x15_concentric,
          nzn_winding_woodlands_5x15_split_checker,
          nzn_winding_woodlands_center_lodge], layout_loops_cross,
          uniq_josephine
D:13:     layout_rooms, erik_vaults_2, kennysheep_donut, minmay_hedge_maze,
          uniq_azrael
D:14:     layout_cave_pools
D:15:     grunt_enter_depths_hoard, layout_irregular_city,
          gammafunk_ghost_split, serial_bayou, serial_bayou_ford_a,
          serial_bayou_shore_b, serial_bayou_shore_b, serial_bayou_lake_a,
          serial_bayou_pond_a, serial_bayou_lagoon_a, lightli_church_of_beogh
Lair:1:   layout_hall_layers, kennysheep_rathole, infiniplex_staircase_pool,
          lemuel_fruit_tree, grunt_megastairs_3
Lair:2:   layout_layer_cave, nicolae_spider_entry_tight_spaces, basic_altar,
          uniq_gastronok, uniq_amaemon
Lair:3:   layout_regular_city, minmay_shoals_entry_hut,
          chequers_serial_rivers_room_b, wad_woods_river_04
Lair:4:   layout_long_grid, minmay_slime_entry_jelly_boxes
Lair:5:   minmay_lair_end_enchanted_forest, layout_regular_city, basic_altar,
          dreamdust_mushroom_princess, kennysheep_abandoned_house
Shoals:1: layout_shoals, uniq_roxanne
Shoals:2: argonaut_golden_fleece, layout_shoals, serial_shops, shop_statue,
          nicolae_shoals_aquamancer_cove
Shoals:3: layout_shoals, serial_shops, shop, shop, nicolae_square_shop
Shoals:4: shoals_end_grunt_ice, layout_shoals
Spider:1: layout_spider_delve, portal_ice_cave_entry_pillars_three, uniq_rupert
Spider:2: layout_spider_delve, uniq_arachne, uniq_frances
Spider:3: layout_spider_delve
Spider:4: hellmonk_spider_rune_endless_swarm, nicolae_spider_webbed_stairs
Orc:1:    layout_caves, serial_shops, nicolae_shop_hallway_plus, uniq_snorg
Orc:2:    st_orc_pillars, layout_diamond_mine, serial_shops, shop,
          minmay_orc_keep
Elf:1:    elf_arrival_001, layout_onion_city, serial_glass, glass_columns_b,
          glass_columns_a, serial_shops, shop, grunt_megastairs_1
Elf:2:    elven_hall_of_blades_hangedman_original
          [nicolae_blade_entry_area_security], layout_loops_corners,
          serial_shops, nicolae_stop_n_shop_2, minivault_4,
          nicolae_shop_firing_range, uniq_donald
Vaults:1: grunt_vaults_funnel, vaults_room_door_hall, hangedman_vaults_pinch,
          vaults_mumra_lcd, nicolae_vaults_theta, nicolae_vaults_angled_halls,
          hangedman_vaults_nails, nicolae_vaults_asterisk,
          nicolae_vaults_what_the_h, v_misc_1, layout_vaults_maze_snakey,
          uniq_saint_roka

Skill      XL: |  1  2  3  4  5  6  7  8  9 10 11 12 13 14 15 16 17 18 19 |
---------------+----------------------------------------------------------+-----
Dodging        | 3 4 5 6 8 10 13 15 17 18 | 18.3
Stealth        | 2 3 4 5 7 9 10 14 15 | 15.0
Fighting       | 2 3 4 5 7 10 11 12 14 15 16 | 16.0
Ranged Weapons | 5 6 7 10 12 14 16 17 18 19 20 | 20.0
Evocations     | 5 |  5.0
Invocations    | 3 8 10 12 15 | 15.0
Spellcasting   | 3 5 9 10 | 10.0
Translocations | 6 8 10 | 10.0
Hexes          | 6 8 |  8.8

Action                   |  1- 3 |  4- 6 |  7- 9 | 10-12 | 13-15 | 16-18 | 19-21 || total
-------------------------+-------+-------+-------+-------+-------+-------+-------++-------
Melee: Shortbow          |       |       |       |     1 |       |       |       ||     1
       Arbalest          |       |       |       |       |       |     1 |     1 ||     2
 Fire: Shortbow          |    76 |   167 |   459 |   902 |  1085 |       |       ||  2689
       Arbalest          |       |       |       |       |   521 |  1494 |   507 ||  2522
 Cast: Blink             |       |       |       |       |       |     1 |       ||     1
Invok: Wall of Briars    |       |       |     5 |    14 |    23 |    30 |    17 ||    89
       Overgrow          |       |       |       |     2 |     3 |    11 |     3 ||    19
       Grow Oklob        |       |       |       |       |       |     1 |       ||     1
Evoke: Wand              |       |       |       |    13 |     4 |     3 |       ||    20
  Use: Scroll            |       |       |       |    20 |    15 |     8 |     3 ||    46
       Potion            |       |       |       |       |       |     6 |       ||     6
Armor: Robe              |     4 |     2 |     9 |    11 |     8 |    21 |     2 ||    57
Dodge: Dodged            |    19 |    42 |   220 |   240 |   266 |   701 |   106 ||  1594
Block: Other             |       |       |       |    16 |    50 |   132 |    21 ||   219
       Reflection        |       |       |       |     1 |     5 |     9 |    10 ||    25
